 Dungeon Crawl Stone Soup version 0.21-a0-426-g98080a9 (webtiles) character file.

1643 theanonym the Tainter (level 8, -3/46 HPs)
             Began as an Octopode Venom Mage on Nov 7, 2017.
             Was an Initiate of Vehumet.
             Slain by a hippogriff (5 damage)
             ... on level 7 of the Dungeon.
             The game lasted 00:20:52 (9457 turns).

theanonym the Tainter (Octopode Venom Mage)         Turns: 9457, Time: 00:20:53

Health: -3/46      AC:  1    Str:  7    XL:     8   Next: 99%
Magic:  0/15       EV: 13    Int: 20    God:    Vehumet [......]
Gold:   410        SH:  0    Dex: 12    Spells: 5/17 levels left

rFire    . . .     SeeInvis .   c - +2 dagger (elec)
rCold    . . .     Gourm    .   (no shield)
rNeg     . . .     Faith    .   (helmet restricted)
rPois    .         Spirit   .   m - amulet of regeneration {+regen}
rElec    .         Reflect  .   g - ring of resist corrosion (curse)
rCorr    +         Harm     .   (no ring)
MR       .....                  (no ring)
Stlth    +++.......             (no ring)
HPRegen  0.55/turn              (no ring)
MPRegen  0.14/turn              (no ring)
                                (no ring)
                                (no ring)

@: no status effects
A: almost no armour, stealthy swim, amphibious, 8 rings, constrict 8, camouflage
1, gelatinous body 1
a: Renounce Religion


Innate Abilities, Weirdness & Mutations

You cannot wear most types of armour.
You are very stealthy in the water. (Stealth+)
You are amphibious.
You can wear up to eight rings at the same time.
You can use your tentacles to constrict eight enemies at once.
Your skin changes colour to match your surroundings (Stealth+).
Your rubbery body absorbs attacks. (AC +1, EV +1)


   Skills:
 - Level 2.0 Dodging
 + Level 2.8 Stealth
 - Level 5.0 Spellcasting
 + Level 5.4 Conjurations
 + Level 10.3 Poison Magic


You had 5 spell levels left.
You knew the following spells:

 Your Spells              Type           Power        Failure   Level  Hunger
a - Sting                 Conj/Pois      ####         1%          1    None
b - Poisonous Vapours     Pois/Air       ####..       1%          2    None
c - Olgreb's Toxic Radia  Pois           #####...     1%          4    ####...
f - Venom Bolt            Conj/Pois      #####.....   12%         5    #####..

Skill      XL: |  1  2  3  4  5  6  7  8 |
---------------+-------------------------+-----
Poison Magic   | 4 5 7 8 10 | 10.3
Conjurations   | 2 3 4 5 |  5.4
Spellcasting   | 3 4 5 |  5.0
Dodging        | |  2.0
Stealth        | |  2.8

Action                   |  1- 3 |  4- 6 |  7- 9 || total
-------------------------+-------+-------+-------++-------
Melee: Dagger            |    21 |    46 |    44 ||   111
       Constrict         |     5 |    10 |    10 ||    25
       Tentacles         |     3 |    11 |     9 ||    23
       Unarmed           |     6 |       |       ||     6
 Cast: Sting             |    69 |   126 |    71 ||   266
       Poisonous Vapours |     6 |    25 |    32 ||    63
       Olgreb's Toxic Ra |       |     1 |    11 ||    12
       Venom Bolt        |       |       |     3 ||     3
Evoke: Wand              |       |       |     8 ||     8
  Use: Scroll            |     2 |     3 |     6 ||    11
 Stab: Sleeping          |       |     1 |     3 ||     4
  Eat: Chunk             |     3 |    13 |     9 ||    25
       Meat ration       |       |       |     1 ||     1
Armor: Skin              |     7 |     4 |       ||    11
Dodge: Dodged            |    31 |    43 |    61 ||   135

Inventory:

Hand Weapons
 c - a +2 dagger of electrocution (weapon)
   (You took it off an orc on level 4 of the Dungeon)
Missiles
 d - 3 throwing nets (quivered)
 J - 2 curare-tipped needles
Jewellery
 g - a cursed ring of resist corrosion (left tentacle)
   (You found it on level 2 of the Dungeon)
 m - an amulet of regeneration (around mantle) {+regen}
   (You found it on level 1 of the Dungeon)
 F - an uncursed ring of stealth {unknown}
   (You found it on level 6 of the Dungeon)
Wands
 s - a wand of iceblast (8/15)
   (You found it on level 2 of the Dungeon)
 G - a wand of flame (1/48)
   (You took it off a crimson imp on level 6 of the Dungeon)
 H - a wand of polymorph (18/24)
   (You found it on level 6 of the Dungeon)
Scrolls
 b - 3 scrolls of blinking
 h - 3 scrolls of recharging
 r - a scroll of identify
 t - 5 scrolls of teleportation {!r}
 u - 2 scrolls of immolation {unknown}
 v - 8 scrolls of magic mapping {unknown}
 y - a scroll of remove curse {unknown}
 A - a scroll of amnesia {unknown}
 E - 2 scrolls of enchant weapon {unknown}
Potions
 e - 2 potions of haste {unknown}
 f - 4 potions of lignification {unknown}
 j - a potion of might {unknown}
 k - 3 potions of heal wounds {unknown}
 n - a potion of cancellation {unknown}
 o - 5 potions of magic
 p - 2 potions of flight {unknown}
 w - 3 potions of curing
 x - a potion of invisibility {unknown}
 B - a potion of degeneration {unknown}
 C - 3 potions of mutation {unknown}
 K - a potion of ambrosia {unknown}
Books
 a - a Young Poisoner's Handbook

   Spells                             Type                      Level
   a - Sting                          Conjuration/Poison           1
   b - Poisonous Vapours              Poison/Air                   2
   c - Mephitic Cloud                 Conjuration/Poison/Air       3
   d - Olgreb's Toxic Radiance        Poison                       4
   e - Venom Bolt                     Conjuration/Poison           5
 i - a book of Misfortune
   (You found it on level 2 of the Dungeon)

   Spells                             Type                      Level
   a - Confusing Touch                Hexes                        1
   b - Confuse                        Hexes                        3
   c - Gell's Gravitas                Translocation                3
   d - Petrify                        Transmutation/Earth          4
   e - Metabolic Englaciation         Hexes/Ice                    5
   f - Yara's Violent Unravelling     Hexes/Transmutation          5
 I - a book of Cantrips
   (You found it on level 7 of the Dungeon)

   Spells                             Type                      Level
   a - Confusing Touch                Hexes                        1
   b - Animate Skeleton               Necromancy                   1
   c - Summon Small Mammal            Summoning                    1
   d - Apportation                    Translocation                1
Comestibles
 l - 4 royal jellies
 q - 3 fruits
 z - 4 bread rations
 D - a meat ration

Dungeon Overview and Level Annotations

Branches:
Dungeon (7/15)             Temple (0/1) D:5

Altars:
Elyvilon
Fedhas
Hepliaklqana
Makhleb
Nemelex Xobeh
Okawaru
Sif Muna
Uskayaw
Vehumet
Xom
Beogh

Annotations:
D:6 exclusion: 2 wights
D:7 JackS81's ghost, novice MfTm


You were on level 7 of the Dungeon.
You worshipped Vehumet.
Vehumet was noncommittal.
You were hungry.

You visited 1 branch of the dungeon, and saw 7 of its levels.
You also visited: Sewer.

You collected 410 gold pieces.


Message History

l - 4 royal jellies (gained 1)
You open the door.
There is an open door here.
There is an open door here.
You open the door.
There is an open door here.
You open the door.
There is an open door here.
You open the door.
There is an open door here.
You open the door.
There is an open door here.
There is an open door here.
There is an open door here.
There is an open door here.
You hear a distant blaring wail to the southwest.
There is an open door here.
There is an open door here.
All of the chunks of flesh in your inventory have rotted away.
Found 16 gold pieces.
Found a stone staircase leading down.
You now have 410 gold pieces (gained 16).
Found a whip.
You see here a whip.
Found a glowing hand axe.
You start waiting.
You hear a distant blaring wail to the east.
You see here a glowing hand axe.
There is a stone staircase leading down here.
There is an open door here.
There is an open door here.
Found 14 stones.
You open the door.
Found a dagger.
You see here a dagger.
J - 2 curare-tipped needles You open the door.
There is an open door here.
As you open the door, it creaks loudly!
A hippogriff and a zombie come into view.
The hippogriff screeches!
Found 15 gold pieces.
You begin to radiate toxic energy.
The hippogriff is poisoned.
You now have 11/15 mp.
The hippogriff looks even sicker.
Aim: a hippogriff (lightly wounded, poisoned)
The bolt of poison hits the hound zombie.
The hound zombie completely resists.
* * * LOW MAGIC WARNING * * *
Your toxic aura wanes.
You now have 6/15 mp.
You hit the hound zombie. Your grab misses the hound zombie.
The hound zombie closely misses you. The hound zombie bites you.
You take 3 damage, and have 43/46 hp.
You hit the hound zombie. You grab the hound zombie.
You constrict the hound zombie. The hound zombie barely misses you.
You hit the hound zombie.
Lightning courses through the hound zombie!
You destroy the hound zombie!
Vehumet accepts your kill.
Aim: a hippogriff (moderately wounded, poisoned) Poisonous vapours surround the hippogriff!
* * * LOW MAGIC WARNING * * *
The hippogriff is engulfed in poison gas.
The hippogriff looks even sicker.
The hippogriff closely misses you. The hippogriff misses you.
The hippogriff barely misses you.
You now have 5/15 mp.
You hit the hippogriff.
The hippogriff is engulfed in poison gas.
The hippogriff looks even sicker.
The hippogriff bites you! The hippogriff misses you.
The hippogriff closely misses you.
You take 10 damage, and have 35/46 hp.
MASSIVE DAMAGE!!
You don't know that spell.
Unknown command.
Aim: a hippogriff (heavily wounded, poisoned)
The bolt of poison misses the hippogriff.
* * * LOW MAGIC WARNING * * *
You are feeling hungry.
The hippogriff bites you! The hippogriff pecks you.
* * * LOW HITPOINT WARNING * * *
The hippogriff closely misses you.
You take 14 damage, and have 21/46 hp.
MASSIVE DAMAGE!!
You now have 0/15 mp.
You hit the hippogriff. The hippogriff barely misses you. x2
The hippogriff claws you!
* * * LOW HITPOINT WARNING * * *
You take 8 damage, and have 13/46 hp.
There is an open door here.
Aim: a hippogriff (severely wounded, poisoned)
The sting hits the hippogriff.
* * * LOW MAGIC WARNING * * *
The hippogriff bites you.
* * * LOW HITPOINT WARNING * * *
The hippogriff pecks you.
* * * LOW HITPOINT WARNING * * *
The hippogriff completely misses you.
You take 5 damage, and have 12/46 hp.
You now have 0/15 mp.
The hippogriff bites you!
* * * LOW HITPOINT WARNING * * *
The hippogriff closely misses you. The hippogriff claws you.
You die...

....#.# #)##.# #.## .####.#
#.##.# #... .# #.# #.##'######
#### .# #.# #.........# .#
#.######.........# .#
#.#....##........#
#####.#.##.##........# #......#
.........#.##..H.....# #...(..#
#####.#..#.##...@....# #......#
....#.#..#.########### #(.....#
....#.####.# #......#
.#..#....#.# #......#
.#######)#.# #......#
.รท....(#.#.#############......#
#####.#....#...............####
#.#..###.#############.#
#.#).......# #.#


You could see a hippogriff.

Notes
Turn   | Place    | Note
-------+----------+-------------------------------------------
     0 | D:1      | theanonym the Octopode Venom Mage began the quest for the Orb.
     0 | D:1      | Reached XP level 1. HP: 11/11 MP: 3/3
   185 | D:1      | Reached XP level 2. HP: 17/17 MP: 3/5
   233 | D:1      | Learned a level 2 spell: Poisonous Vapours
   349 | D:1      | theanonym: ??poisonous vapours
   349 | D:1      | beem: poisonous vapours[1/2]: New L2 Poison/Air spell in 0.20, found in the Young Poisoner's Handbook. Smite-targeted attack spell that creates a single-tile, short-lived poisonous cloud under the target.
   349 | D:1      | theanonym: ??poisonous vapours[2
   349 | D:1      | beem: poisonous vapours[2/2]: Monsters that are in a harmful cloud don't mind walking into additional harmful clouds - so combine with Conjure Flame to encourage that ogre to walk into fire.
   352 | D:1      | Reached skill level 4 in Poison Magic
   709 | D:1      | Reached XP level 3. HP: 21/21 MP: 4/6
  1638 | D:2      | Noticed Terence
  1675 | D:2      | Reached skill level 2 in Conjurations
  1786 | D:2      | Reached XP level 4. HP: 23/27 MP: 0/8
  1792 | D:2      | Learned a level 4 spell: Olgreb's Toxic Radiance
  2342 | D:2      | Found a runed door.
  2615 | D:2      | Found a sparkling altar of Nemelex Xobeh.
  2941 | D:2      | Noticed Crazy Yiuf
  2950 | D:2      | Killed Crazy Yiuf
  2950 | D:2      | Reached skill level 3 in Spellcasting
  3081 | D:3      | Noticed Jessica
  3086 | D:3      | Killed Jessica
  3086 | D:3      | Reached skill level 5 in Poison Magic
  3086 | D:3      | Reached XP level 5. HP: 23/31 MP: 2/9
  3417 | D:3      | Found a sparkling altar of Nemelex Xobeh.
  3782 | D:3      | Killed Terence
  3796 | D:3      | Found a glowing drain.
  3809 | Sewer    | Entered a sewer
  3896 | Sewer    | Reached skill level 3 in Conjurations
  3991 | Sewer    | Reached XP level 6. HP: 36/36 MP: 3/11
  4673 | D:3      | Reached skill level 6 in Poison Magic
  4973 | D:3      | Found a blossoming altar of Fedhas.
  5098 | D:3      | Found a white marble altar of Elyvilon.
  5098 | D:3      | Found a hazy altar of Hepliaklqana.
  5102 | D:3      | Found a shimmering altar of Xom.
  5714 | D:4      | Noticed a hippogriff
  5724 | D:4      | Killed a hippogriff
  5724 | D:4      | Reached skill level 4 in Spellcasting
  5724 | D:4      | Reached skill level 7 in Poison Magic
  5724 | D:4      | Reached XP level 7. HP: 41/41 MP: 1/13
  5776 | D:4      | Reached skill level 4 in Conjurations
  6224 | D:4      | Found a deep blue altar of Sif Muna.
  6431 | D:4      | Found a roughly hewn altar of Beogh.
  6437 | D:4      | Reached skill level 8 in Poison Magic
  6437 | D:4      | Reached XP level 8. HP: 31/46 MP: 3/14
  6704 | D:5      | Entered Level 5 of the Dungeon
  7144 | D:5      | Found an iron altar of Okawaru.
  7241 | D:5      | Found a staircase to the Ecumenical Temple.
  7433 | D:6      | Reached skill level 5 in Conjurations
  7440 | D:6      | Reached skill level 5 in Spellcasting
  7440 | D:6      | Reached skill level 9 in Poison Magic
  7547 | D:6      | Noticed a dagger
  7552 | D:6      | Noticed a hand axe
  7553 | D:6      | Found a hide-covered altar of Uskayaw.
  7645 | D:6      | Found a radiant altar of Vehumet.
  7645 | D:6      | Found a burning altar of Makhleb.
  7655 | D:6      | Became a worshipper of Vehumet
  8266 | D:6      | Learned a level 5 spell: Venom Bolt
  8515 | D:7      | Reached skill level 10 in Poison Magic
  9189 | D:7      | Noticed JackS81's ghost (novice MfTm)
  9437 | D:7      | Noticed a hippogriff
  9446 | D:7      | HP: 21/46 [hippogriff (3)]
  9456 | D:7      | HP: 15/46 [hippogriff (3)]
  9457 | D:7      | HP: 2/46 [hippogriff (10)]
  9457 | D:7      | Slain by a hippogriff

Vanquished Creatures
  A hippogriff (D:4)
  3 centaurs
  A wight (D:6)
  A howler monkey (D:4)
  2 crimson imps
  3 orc priests
  A hound (D:6)
  Crazy Yiuf (D:2)
  2 centaur skeletons
  5 orc wizards
  A bullfrog skeleton (D:6)
  Jessica (D:3)
  Terence (D:3)
  7 iguanas
  7 worker ants
  A hound zombie (D:7)
  A hound skeleton (D:4)
  A gnoll (D:5)
  A howler monkey skeleton (D:4)
  5 river rats (Sewer)
  7 adders
  3 oozes
  2 adder skeletons
  A worm (D:3)
  4 dart slugs
  6 leopard geckos
  20 orcs
  7 ball pythons
  8 bats
  5 giant cockroaches
  10 goblins
  4 hobgoblins
  7 jackals
  8 kobolds
  A quokka (D:3)
  11 frilled lizards
  A jackal skeleton (D:4)
  A leopard gecko skeleton (D:4)
  17 rats
169 creatures vanquished.
